Remparts vs Rafales
Created - January 3, 2019 at 20:33
Goals
|
Remparts |
2 |
2 |
1 |
5 |
Rafales |
1 |
1 |
1 |
3 |
|
Shots
|
Remparts |
11 |
12 |
9 |
32 |
Rafales |
12 |
18 |
8 |
38 |
|
1st period
1. Remparts , Ryan Strome 15 (Pontus Aberg 16, Erik Gustafsson 12) at 2:38
2. Remparts , Chris Mueller 13 (Michal Jordan 14, Brandon Gormley 30) at 12:24
3. Rafales , Brian Ferlin 6 (Carl Klingberg 19) at 18:58
Penalties :
No Penalty
2nd period
4. Rafales , Mike Zigomanis 25 (Cody McLeod 33) at 1:32
5. Remparts , Nail Yakupov 6 (Daniel Paille 15, Max Reinhart 17) at 7:53
6. Remparts , Nail Yakupov 7 (Daniel Paille 16, Max Reinhart 18) at 13:01 (PP)
Penalties :
Carl Klingberg (Stf) for Holding (Minor) at 12:47
3rd period
7. Rafales , Chris Terry 6 (James Marcou 7) at 9:38
8. Remparts , Brandon Gormley 9 (Daniel Paille 17, Erik Gustafsson 13) at 19:39 (Empty Net)
Penalties :
Connor Honey (Que) for Interference (Minor) at 5:26, Pontus Aberg (Que) for Interference (Minor) at 16:02
Goalie Stats
Jason Missiaen (Que), 35 saves from 38 shots - (0.921), W, 13-8-1, 60:00 minutes
Leland Irving (Stf), 27 saves from 31 shots - (0.871), L, 16-12-1, 59:12 minutes
Players Stats for Remparts
Player Name G A P +/- PIM S H SB GA TA FO MP PP MP PK MP
------------------------------------------------------------------------------------
Anton Zlobin 0 0 0 -1 0 0 1 1 1 0 1/1 11:04 0:00 0:00
Brandon Gormley 1 1 2 1 0 5 2 6 0 1 0/0 27:04 0:14 2:06
Brandon Mashinter 0 0 0 -1 0 2 1 1 0 0 1/8 11:04 0:00 0:00
Cédric Lalonde-McNicoll 0 0 0 1 0 3 1 0 0 0 5/10 15:58 0:00 0:56
Chris Mueller 1 0 1 -1 0 2 0 0 1 0 2/8 9:09 0:00 0:00
Connor Honey 0 0 0 -1 2 0 1 0 0 0 0/0 9:51 0:00 0:00
Daniel Paille 0 3 3 2 0 5 2 0 1 1 4/4 22:02 0:14 1:58
Erik Gustafsson 0 2 2 1 0 2 0 1 1 4 0/0 22:21 0:14 2:06
Griffin Reinhart 0 0 0 0 0 1 0 2 0 0 0/0 18:21 0:00 1:52
Juuso Ikonen 0 0 0 -1 0 1 0 0 1 0 0/0 10:56 0:00 1:04
Keaton Thompson 0 0 0 0 0 0 0 2 0 0 0/0 14:35 0:00 0:00
Kyle Platzer 0 0 0 0 0 0 0 0 0 0 0/0 0:00 0:00 0:00
Max Reinhart 0 2 2 2 0 1 2 1 0 0 15/33 22:02 0:14 1:58
Michael Downing 0 0 0 0 0 0 0 2 0 0 0/0 4:43 0:00 0:00
Michal Jordan 0 1 1 0 0 1 2 0 0 2 0/0 18:21 0:00 1:52
Mitchell Heard 0 0 0 0 0 0 0 0 0 0 0/0 0:00 0:00 0:00
Nail Yakupov 2 0 2 2 0 2 2 0 1 0 1/1 20:41 0:14 0:56
Pontus Aberg 0 1 1 1 2 3 0 0 1 0 1/2 15:20 0:00 0:00
Roberts Lipsbergs 0 0 0 -1 0 0 1 1 0 0 1/1 11:04 0:00 0:00
Ryan Strome 1 0 1 1 0 4 0 1 1 1 0/0 15:02 0:00 0:00
Tim Bozon 0 0 0 0 0 0 0 0 0 0 0/0 1:47 0:00 1:04
Viktor Baldayev 0 0 0 0 0 0 0 1 0 0 0/0 14:35 0:00 0:00
Players Stats for Rafales
Player Name G A P +/- PIM S H SB GA TA FO MP PP MP PK MP
------------------------------------------------------------------------------------
Brian Ferlin 1 0 1 1 0 6 0 0 3 0 0/0 11:55 0:02 0:00
Carl Klingberg 0 1 1 1 2 2 1 0 0 1 0/0 11:54 0:02 0:00
Cedric Paquette 0 0 0 1 0 1 2 0 0 0 3/6 11:55 0:02 0:00
Chris Terry 1 0 1 1 0 1 1 1 2 0 0/0 9:50 0:00 0:00
Cody McLeod 0 1 1 -2 0 5 1 0 2 0 0/1 21:40 2:03 0:14
Connor Murphy 0 0 0 -1 0 0 0 1 0 0 0/0 27:27 2:03 0:14
Dylan McIlrath 0 0 0 1 0 0 1 0 1 0 0/0 19:11 1:55 0:00
James Marcou 0 1 1 1 0 3 0 1 0 0 0/0 9:50 0:00 0:00
James Sheppard 0 0 0 -1 0 1 1 1 0 2 0/0 16:46 1:53 0:00
Joey Laleggia 0 0 0 -1 0 1 0 3 0 1 0/0 13:22 0:00 0:00
Julian Melchiori 0 0 0 -1 0 2 1 1 0 0 0/0 13:22 0:00 0:00
Kevin Veilleux 0 0 0 1 0 1 1 1 0 1 4/8 9:50 0:00 0:00
Matt Gilroy 0 0 0 -1 0 1 1 1 0 2 0/0 27:27 2:03 0:14
Michael Ryder 0 0 0 -1 0 5 1 3 1 0 1/3 20:53 2:03 0:00
Mike Zigomanis 1 0 1 -2 0 2 2 1 0 0 22/37 21:34 2:03 0:14
Milan Bartovic 0 0 0 -2 0 3 0 0 0 1 0/2 17:08 1:53 0:00
Nathan Davis 0 0 0 -1 0 4 4 0 0 0 7/11 16:30 1:53 0:00
Slater Koekkoek 0 0 0 1 0 0 1 3 0 0 0/0 19:11 1:55 0:00
3 Stars
1 - Nail Yakupov (Que)
2 - Brandon Gormley (Que)
3 - Daniel Paille (Que)
Power Play
Remparts - 1 on 1 Attempt(s) - 100.00%
Rafales - 0 on 2 Attempt(s) - 0.00%
Penalty Kill
Remparts - 2 on 2 Attempt(s) - 100.00%
- Score 0 goal in Penalty Kill
Rafales - 0 on 1 Attempt(s) - 0.00%
- Score 0 goal in Penalty Kill
Team Stat
Remparts - Hits : 15 - Faceoff Wins : 31 - Blocked Shots : 19 - Penalty Minutes : 4
Rafales - Hits : 18 - Faceoff Wins : 37 - Blocked Shots : 17 - Penalty Minutes : 2
Official
Referees : Unknown
Linesman : Unknown
Game Notes
Brandon Gormley has scored in a empty net!
Finance
Level 1 -- Attendance: 1634 (81.70%) -- Ticket Income $65,360
Level 2 -- Attendance: 780 (78.00%) -- Ticket Income $15,600
Total Attendance: 2414 (80.47%)
Total Ticket Income: $80,960
Other Income: $4,048
Total Income: $85,008
Remparts
5 vs 5 Forward
Center Left Wing Right Wing Time % Phy DF OF
1 Max Reinhart Daniel Paille Nail Yakupov 40 1 2 2
2 Cédric Lalonde-McNicoll Pontus Aberg Ryan Strome 30 1 2 2
3 Brandon Mashinter Roberts Lipsbergs Anton Zlobin 20 1 2 2
4 Chris Mueller Juuso Ikonen Connor Honey 10 1 2 2
5 vs 5 Defense
Defense Defense Time % Phy DF OF
1 Brandon Gormley Erik Gustafsson 40 1 2 2
2 Michal Jordan Griffin Reinhart 30 1 2 2
3 Viktor Baldayev Keaton Thompson 20 1 2 2
4 Michael Downing Brandon Gormley 10 1 2 2
PowerPlay Forward
Center Left Wing Right Wing Time % Phy DF OF
1 Max Reinhart Daniel Paille Nail Yakupov 60 1 2 2
2 Cédric Lalonde-McNicoll Pontus Aberg Ryan Strome 40 1 2 2
PowerPlay Defense
Defense Defense Time % Phy DF OF
1 Brandon Gormley Erik Gustafsson 60 1 2 2
2 Michal Jordan Griffin Reinhart 40 1 2 2
Penalty Kill 4 Players Forward
Center Wing Time % Phy DF OF
1 Daniel Paille Max Reinhart 60 1 2 2
2 Cédric Lalonde-McNicoll Nail Yakupov 40 1 2 2
Penalty Kill 4 Players Defense
Defense Defense Time % Phy DF OF
1 Brandon Gormley Erik Gustafsson 60 1 2 2
2 Michal Jordan Griffin Reinhart 40 1 2 2
Penalty Kill - 3 Players Forward
Forward Time % Phy DF OF
1 Daniel Paille 60 1 2 2
2 Max Reinhart 40 1 2 2
Penalty Kill - 3 Players Defense
Defense Defense Time % Phy DF OF
1 Brandon Gormley Erik Gustafsson 60 1 2 2
2 Michal Jordan Griffin Reinhart 40 1 2 2
4 vs 4 Forward
Center Wing Time % Phy DF OF
1 Daniel Paille Max Reinhart 60 1 2 2
2 Cédric Lalonde-McNicoll Nail Yakupov 40 1 2 2
4 vs 4 Defense
Defense Defense Time % Phy DF OF
1 Brandon Gormley Erik Gustafsson 60 1 2 2
2 Michal Jordan Griffin Reinhart 40 1 2 2
Last Minutes Offensive
Center Left Wing Right Wing Defense Defense
Max Reinhart Daniel Paille Nail Yakupov Brandon Gormley Erik Gustafsson
Last Minutes Defensive
Center Left Wing Right Wing Defense Defense
Max Reinhart Daniel Paille Nail Yakupov Brandon Gormley Erik Gustafsson
Goaltenders
Starting : Jason Missiaen
Backup : Tyler Plante
Extra Forwards
Normal : Mitchell Heard, Kyle Platzer, Tim Bozon - PP : Mitchell Heard, Kyle Platzer - PK : Tim Bozon
Extra Defensemen
Normal : Viktor Baldayev, Keaton Thompson, Michael Downing - PP : Viktor Baldayev - PK : Keaton Thompson, Michael Downing
Penalty Shots
Daniel Paille, Max Reinhart, Cédric Lalonde-McNicoll, Nail Yakupov, Pontus Aberg
Scratches
Guillaume Desbiens (Sprained Left Finger Injury), Niklas Hansson (Right Foot Injury), Justin Williams (Left Hip Injury), Igor Bobkov (Healthy), François Brassard (Healthy)
Rafales
5 vs 5 Forward
Center Left Wing Right Wing Time % Phy DF OF
1 Mike Zigomanis Cody McLeod Michael Ryder 40 0 1 4
2 Nathan Davis James Sheppard Milan Bartovic 30 1 1 3
3 Cedric Paquette Carl Klingberg Brian Ferlin 20 1 1 3
4 Kevin Veilleux Chris Terry James Marcou 10 2 1 2
5 vs 5 Defense
Defense Defense Time % Phy DF OF
1 Matt Gilroy Connor Murphy 40 1 3 1
2 Slater Koekkoek Dylan McIlrath 30 1 3 1
3 Julian Melchiori Joey Laleggia 20 2 2 1
4 Matt Gilroy Connor Murphy 10 1 3 1
PowerPlay Forward
Center Left Wing Right Wing Time % Phy DF OF
1 Mike Zigomanis Cody McLeod Michael Ryder 60 0 0 5
2 Nathan Davis James Sheppard Milan Bartovic 40 0 0 5
PowerPlay Defense
Defense Defense Time % Phy DF OF
1 Matt Gilroy Connor Murphy 60 0 2 3
2 Slater Koekkoek Dylan McIlrath 40 0 2 3
Penalty Kill 4 Players Forward
Center Wing Time % Phy DF OF
1 Mike Zigomanis Cody McLeod 60 1 3 1
2 James Sheppard Nathan Davis 40 1 3 1
Penalty Kill 4 Players Defense
Defense Defense Time % Phy DF OF
1 Matt Gilroy Connor Murphy 60 2 3 0
2 Joey Laleggia Dylan McIlrath 40 2 3 0
Penalty Kill - 3 Players Forward
Forward Time % Phy DF OF
1 Mike Zigomanis 60 1 4 0
2 Cody McLeod 40 1 4 0
Penalty Kill - 3 Players Defense
Defense Defense Time % Phy DF OF
1 Matt Gilroy Connor Murphy 60 2 3 0
2 Julian Melchiori Joey Laleggia 40 2 3 0
4 vs 4 Forward
Center Wing Time % Phy DF OF
1 Mike Zigomanis Cody McLeod 60 1 1 3
2 James Sheppard Nathan Davis 40 1 1 3
4 vs 4 Defense
Defense Defense Time % Phy DF OF
1 Matt Gilroy Connor Murphy 60 1 3 1
2 Julian Melchiori Dylan McIlrath 40 1 3 1
Last Minutes Offensive
Center Left Wing Right Wing Defense Defense
Mike Zigomanis Cody McLeod Milan Bartovic Matt Gilroy Connor Murphy
Last Minutes Defensive
Center Left Wing Right Wing Defense Defense
Mike Zigomanis Cody McLeod Milan Bartovic Matt Gilroy Joey Laleggia
Goaltenders
Starting : Leland Irving
Backup : Sean Maguire
Extra Forwards
Normal : Cody McLeod, Mike Zigomanis, James Sheppard - PP : Cody McLeod, Mike Zigomanis - PK : Carl Klingberg
Extra Defensemen
Normal : Connor Murphy, Matt Gilroy, Julian Melchiori - PP : Connor Murphy - PK : Joey Laleggia, Julian Melchiori
Penalty Shots
Mike Zigomanis, Cody McLeod, James Sheppard, Nathan Davis, Milan Bartovic
Scratches
Ben Sexton (Healthy), Ryan Bourque (Healthy), Ben Johnson (Healthy), Nicklas Jensen (Healthy), Jayson Megna (Healthy)
Brad Ross (Healthy), Ben Thomson (Healthy), Tyrell Goulbourne (Healthy), David Broll (Healthy), Stefan Chaput (Healthy)
Dennis Persson (Healthy), Akim Aliu (Healthy), Maksim Mayorov (Healthy), Chris Driedger (Healthy)
% Time on Ice - Remparts
Lines # - Real PCT - Wanted PCT - Time Play
Normal Forward
1 - 36% - 40% - 19:54
2 - 27% - 30% - 15:02
3 - 20% - 20% - 11:04
4 - 17% - 10% - 9:09
Normal Defense
1 - 35% - 40% - 19:22
2 - 30% - 30% - 16:29
3 - 26% - 20% - 14:35
4 - 9% - 10% - 4:43
PP Forward
1 - 100% - 60% - 0:14
2 - 0% - 40% - 0:00
PP Defense
1 - 100% - 60% - 0:14
2 - 0% - 40% - 0:00
PK Forward
1 - 76% - 60% - 3:02
2 - 24% - 40% - 0:56
PK Defense
1 - 53% - 60% - 2:06
2 - 47% - 40% - 1:52
PK3 Forward
1 - 0% - 60%
2 - 0% - 40%
PK3 Defense
1 - 0% - 60%
2 - 0% - 40%
44 Forward
1 - 0% - 60%
2 - 0% - 40%
44 Defense
1 - 0% - 60%
2 - 0% - 40%
Last Minute Offensive - 0:00
Last Minute Defensive - 0:39
Total
Forward - 60:00
Defense - 60:00
|
% Time on Ice - Rafales
Lines # - Real PCT - Wanted PCT - Time Play
Normal Forward
1 - 35% - 40% - 19:12
2 - 26% - 30% - 14:37
3 - 21% - 20% - 11:31
4 - 18% - 10% - 9:50
Normal Defense
1 - 38% - 40% - 21:03
2 - 31% - 30% - 17:16
3 - 24% - 20% - 13:22
4 - 6% - 10% - 3:29
PP Forward
1 - 53% - 60% - 2:05
2 - 47% - 40% - 1:53
PP Defense
1 - 52% - 60% - 2:03
2 - 48% - 40% - 1:55
PK Forward
1 - 100% - 60% - 0:14
2 - 0% - 40% - 0:00
PK Defense
1 - 100% - 60% - 0:14
2 - 0% - 40% - 0:00
PK3 Forward
1 - 0% - 60%
2 - 0% - 40%
PK3 Defense
1 - 0% - 60%
2 - 0% - 40%
44 Forward
1 - 0% - 60%
2 - 0% - 40%
44 Defense
1 - 0% - 60%
2 - 0% - 40%
Last Minute Offensive - 0:38
Last Minute Defensive - 0:00
Total
Forward - 60:00
Defense - 60:00
|
Play-by-Play
1st period
0:01 of 1st period - Mike Zigomanis wins face-off versus Max Reinhart in neutral zone.
0:04 of 1st period - Daniel Paille is hit by Cody McLeod and loses puck.
0:50 of 1st period - Off-side.
0:51 of 1st period - Kevin Veilleux wins face-off versus Chris Mueller in neutral zone.
1:16 of 1st period - Juuso Ikonen is hit by Nathan Davis and loses puck.
2:05 of 1st period - Snap shot by Daniel Paille.
2:05 of 1st period - Stopped by Leland Irving without a rebound.
2:06 of 1st period - Mike Zigomanis wins face-off versus Max Reinhart in Rafales zone.
2:36 of 1st period - Snap shot by Pontus Aberg.
2:36 of 1st period - Shot Blocked by James Sheppard.
2:38 of 1st period - Slapshot by Ryan Strome.
2:38 of 1st period - Goal by Ryan Strome - Remparts : 1 - Rafales : 0.
2:39 of 1st period - Mike Zigomanis wins face-off versus Brandon Mashinter in neutral zone.
3:31 of 1st period - Kevin Veilleux is hit by Michal Jordan and loses puck.
3:49 of 1st period - Griffin Reinhart is hit by Nathan Davis.
4:35 of 1st period - Wrist shot by Brian Ferlin.
4:35 of 1st period - Stopped by Jason Missiaen with a rebound.
4:51 of 1st period - Wrist shot by Cédric Lalonde-McNicoll.
4:51 of 1st period - Shot Misses the Net.
4:53 of 1st period - Slapshot by Brandon Gormley.
4:53 of 1st period - Stopped by Leland Irving with a rebound.
4:55 of 1st period - Wrist shot by Pontus Aberg.
4:55 of 1st period - Shot Blocked by Kevin Veilleux.
5:41 of 1st period - Off-side.
5:42 of 1st period - Mike Zigomanis wins face-off versus Max Reinhart in neutral zone.
5:51 of 1st period - Wrist shot by Nail Yakupov.
5:51 of 1st period - Shot Misses the Net.
5:57 of 1st period - Daniel Paille is hit by Mike Zigomanis and loses puck.
6:12 of 1st period - Slapshot by Cédric Lalonde-McNicoll.
6:12 of 1st period - Shot Blocked by Julian Melchiori.
6:14 of 1st period - Wrist shot by Ryan Strome.
6:14 of 1st period - Shot Misses the Net.
6:16 of 1st period - Slapshot by Cédric Lalonde-McNicoll.
6:16 of 1st period - Stopped by Leland Irving without a rebound.
6:17 of 1st period - Cédric Lalonde-McNicoll wins face-off versus Cedric Paquette in Rafales zone.
6:28 of 1st period - Matt Gilroy is hit by Michal Jordan and loses puck.
7:06 of 1st period - Wrist shot by Pontus Aberg.
7:06 of 1st period - Shot Misses the Net.
7:14 of 1st period - Cédric Lalonde-McNicoll is hit by Cedric Paquette and loses puck.
7:57 of 1st period - Snap shot by Carl Klingberg.
7:57 of 1st period - Shot Misses the Net.
7:59 of 1st period - Slapshot by Matt Gilroy.
7:59 of 1st period - Shot Misses the Net.
8:10 of 1st period - Icing by Brian Ferlin.
8:11 of 1st period - Max Reinhart wins face-off versus Cedric Paquette in Rafales zone.
8:47 of 1st period - Wrist shot by Carl Klingberg.
8:47 of 1st period - Shot Misses the Net.
8:49 of 1st period - Snap shot by Brian Ferlin.
8:49 of 1st period - Stopped by Jason Missiaen with a rebound.
8:51 of 1st period - Slapshot by Brian Ferlin.
8:51 of 1st period - Shot Blocked by Brandon Gormley.
8:53 of 1st period - Snap shot by Matt Gilroy.
8:53 of 1st period - Shot Misses the Net.
9:09 of 1st period - Wrist shot by Carl Klingberg.
9:09 of 1st period - Shot Blocked by Brandon Gormley.
9:29 of 1st period - Wrist shot by Cody McLeod.
9:29 of 1st period - Stopped by Jason Missiaen with a rebound.
9:48 of 1st period - Off-side.
9:49 of 1st period - Nathan Davis wins face-off versus Chris Mueller in neutral zone.
10:00 of 1st period - Wrist shot by Milan Bartovic.
10:00 of 1st period - Shot Misses the Net.
10:02 of 1st period - Slapshot by Slater Koekkoek.
10:02 of 1st period - Shot Blocked by Brandon Gormley.
10:18 of 1st period - Wrist shot by Milan Bartovic.
10:18 of 1st period - Stopped by Jason Missiaen without a rebound.
10:19 of 1st period - Max Reinhart wins face-off versus Mike Zigomanis in Remparts zone.
10:46 of 1st period - Icing by Brandon Mashinter.
10:47 of 1st period - Brandon Mashinter wins face-off versus Kevin Veilleux in Remparts zone.
11:00 of 1st period - Snap shot by James Marcou.
11:00 of 1st period - Shot Blocked by Brandon Mashinter.
11:02 of 1st period - Slapshot by Kevin Veilleux.
11:02 of 1st period - Shot Blocked by Viktor Baldayev.
11:36 of 1st period - Slapshot by Ryan Strome.
11:36 of 1st period - Shot Misses the Net.
11:56 of 1st period - Wrist shot by Chris Mueller.
11:56 of 1st period - Stopped by Leland Irving without a rebound.
11:57 of 1st period - Mike Zigomanis wins face-off versus Chris Mueller in Rafales zone.
12:04 of 1st period - Wrist shot by Michael Ryder.
12:04 of 1st period - Stopped by Jason Missiaen with a rebound.
12:24 of 1st period - Snap shot by Chris Mueller.
12:24 of 1st period - Goal by Chris Mueller - Remparts : 2 - Rafales : 0.
12:25 of 1st period - Max Reinhart wins face-off versus Mike Zigomanis in neutral zone.
12:31 of 1st period - Wrist shot by Daniel Paille.
12:31 of 1st period - Shot Hit the Post.
12:33 of 1st period - Slapshot by Brandon Gormley.
12:33 of 1st period - Shot Blocked by Connor Murphy.
13:37 of 1st period - Snap shot by James Marcou.
13:37 of 1st period - Deflect By Kevin Veilleux.
13:37 of 1st period - Shot Misses the Net.
13:37 of 1st period - Puck is out of play.
13:38 of 1st period - Kevin Veilleux wins face-off versus Chris Mueller in Remparts zone.
13:39 of 1st period - Wrist shot by Chris Terry.
13:39 of 1st period - Shot Misses the Net.
13:45 of 1st period - Kevin Veilleux is hit by Connor Honey and loses puck.
14:04 of 1st period - Icing by Viktor Baldayev.
14:05 of 1st period - Chris Mueller wins face-off versus Mike Zigomanis in Remparts zone.
14:10 of 1st period - Wrist shot by Cody McLeod.
14:10 of 1st period - Shot Misses the Net.
14:32 of 1st period - Snap shot by Nail Yakupov.
14:32 of 1st period - Deflect By Max Reinhart.
14:32 of 1st period - Shot Misses the Net.
14:32 of 1st period - Puck is out of play.
14:33 of 1st period - Nathan Davis wins face-off versus Max Reinhart in Rafales zone.
15:14 of 1st period - Snap shot by Daniel Paille.
15:14 of 1st period - Stopped by Leland Irving with a rebound.
15:16 of 1st period - Slapshot by Brandon Gormley.
15:16 of 1st period - Deflect By Daniel Paille.
15:16 of 1st period - Shot Misses the Net.
15:16 of 1st period - Puck is out of play.
15:17 of 1st period - Mike Zigomanis wins face-off versus Brandon Mashinter in Rafales zone.
15:21 of 1st period - Off-side.
15:22 of 1st period - Mike Zigomanis wins face-off versus Brandon Mashinter in neutral zone.
15:25 of 1st period - Wrist shot by Michael Ryder.
15:25 of 1st period - Stopped by Jason Missiaen with a rebound.
15:27 of 1st period - Slapshot by Connor Murphy.
15:27 of 1st period - Deflect By Cody McLeod.
15:27 of 1st period - Stopped by Jason Missiaen with a rebound.
15:46 of 1st period - Icing by Connor Murphy.
15:47 of 1st period - Cédric Lalonde-McNicoll wins face-off versus Kevin Veilleux in Rafales zone.
15:53 of 1st period - Off-side.
15:54 of 1st period - Daniel Paille wins face-off versus Kevin Veilleux in neutral zone.
15:56 of 1st period - Off-side.
15:57 of 1st period - Mike Zigomanis wins face-off versus Max Reinhart in neutral zone.
16:00 of 1st period - Snap shot by Michael Ryder.
16:00 of 1st period - Shot Blocked by Max Reinhart.
16:22 of 1st period - Snap shot by Pontus Aberg.
16:22 of 1st period - Stopped by Leland Irving with a rebound.
16:30 of 1st period - Wrist shot by Cédric Lalonde-McNicoll.
16:30 of 1st period - Shot Misses the Net.
16:32 of 1st period - Snap shot by Cédric Lalonde-McNicoll.
16:32 of 1st period - Deflect By Pontus Aberg.
16:32 of 1st period - Shot Blocked by Slater Koekkoek.
16:32 of 1st period - Puck is out of play.
16:33 of 1st period - Nail Yakupov wins face-off versus Mike Zigomanis in Rafales zone.
16:40 of 1st period - Wrist shot by Max Reinhart.
16:40 of 1st period - Shot Misses the Net.
17:18 of 1st period - Wrist shot by James Marcou.
17:18 of 1st period - Shot Misses the Net.
17:20 of 1st period - Slapshot by Joey Laleggia.
17:20 of 1st period - Shot Blocked by Michael Downing.
17:22 of 1st period - Slapshot by Julian Melchiori.
17:22 of 1st period - Shot Blocked by Roberts Lipsbergs.
17:24 of 1st period - Wrist shot by Kevin Veilleux.
17:24 of 1st period - Stopped by Jason Missiaen with a rebound.
17:26 of 1st period - Slapshot by Joey Laleggia.
17:26 of 1st period - Shot Blocked by Michael Downing.
17:28 of 1st period - Slapshot by Julian Melchiori.
17:28 of 1st period - Stopped by Jason Missiaen with a rebound.
17:42 of 1st period - Slapshot by Brandon Gormley.
17:42 of 1st period - Stopped by Leland Irving without a rebound.
17:43 of 1st period - Chris Mueller wins face-off versus Mike Zigomanis in Rafales zone.
18:08 of 1st period - Wrist shot by Pontus Aberg.
18:08 of 1st period - Stopped by Leland Irving with a rebound.
18:32 of 1st period - Slapshot by Milan Bartovic.
18:32 of 1st period - Deflect By Nathan Davis.
18:32 of 1st period - Stopped by Jason Missiaen with a rebound.
18:38 of 1st period - Milan Bartovic is hit by Max Reinhart and loses puck.
18:51 of 1st period - Roberts Lipsbergs is hit by Cedric Paquette and loses puck.
18:56 of 1st period - Snap shot by Brian Ferlin.
18:56 of 1st period - Stopped by Jason Missiaen with a rebound.
18:58 of 1st period - Wrist shot by Brian Ferlin.
18:58 of 1st period - Goal by Brian Ferlin - Remparts : 2 - Rafales : 1.
18:59 of 1st period - Mike Zigomanis wins face-off versus Max Reinhart in neutral zone.
19:04 of 1st period - Wrist shot by Mike Zigomanis.
19:04 of 1st period - Shot Blocked by Brandon Gormley.
19:24 of 1st period - Brandon Gormley is hit by James Sheppard.
19:34 of 1st period - Wrist shot by Ryan Strome.
19:34 of 1st period - Stopped by Leland Irving without a rebound.
19:35 of 1st period - Mike Zigomanis wins face-off versus Max Reinhart in Rafales zone.
Goals for this period are 2 for Remparts vs 1 for Rafales.
Shots for this period are 11 for Remparts vs 12 for Rafales.
2nd period
0:01 of 2nd period - Daniel Paille wins face-off versus Mike Zigomanis in neutral zone.
0:11 of 2nd period - Wrist shot by Michael Ryder.
0:11 of 2nd period - Shot Blocked by Brandon Gormley.
0:13 of 2nd period - Slapshot by Matt Gilroy.
0:13 of 2nd period - Shot Blocked by Erik Gustafsson.
0:15 of 2nd period - Wrist shot by Cody McLeod.
0:15 of 2nd period - Stopped by Jason Missiaen with a rebound.
0:46 of 2nd period - Wrist shot by Brian Ferlin.
0:46 of 2nd period - Stopped by Jason Missiaen without a rebound.
0:47 of 2nd period - Max Reinhart wins face-off versus Cedric Paquette in Remparts zone.
1:21 of 2nd period - Wrist shot by Brian Ferlin.
1:21 of 2nd period - Shot Blocked by Griffin Reinhart.
1:26 of 2nd period - Icing by Chris Mueller.
1:27 of 2nd period - Mike Zigomanis wins face-off versus Chris Mueller in Remparts zone.
1:28 of 2nd period - Wrist shot by Cody McLeod.
1:28 of 2nd period - Shot Misses the Net.
1:30 of 2nd period - Snap shot by Mike Zigomanis.
1:30 of 2nd period - Stopped by Jason Missiaen with a rebound.
1:32 of 2nd period - Snap shot by Mike Zigomanis.
1:32 of 2nd period - Goal by Mike Zigomanis - Remparts : 2 - Rafales : 2.
1:33 of 2nd period - Max Reinhart wins face-off versus Mike Zigomanis in neutral zone.
1:38 of 2nd period - Mike Zigomanis is hit by Brandon Gormley and loses puck.
2:04 of 2nd period - Slapshot by Brandon Gormley.
2:04 of 2nd period - Shot Blocked by Slater Koekkoek.
2:24 of 2nd period - Slapshot by Brandon Gormley.
2:24 of 2nd period - Deflect By Ryan Strome.
2:24 of 2nd period - Stopped by Leland Irving without a rebound.
2:25 of 2nd period - Max Reinhart wins face-off versus Mike Zigomanis in Rafales zone.
2:42 of 2nd period - Icing by Max Reinhart.
2:43 of 2nd period - Nathan Davis wins face-off versus Max Reinhart in Remparts zone.
3:08 of 2nd period - Nail Yakupov is hit by Mike Zigomanis and loses puck.
4:28 of 2nd period - Snap shot by Carl Klingberg.
4:28 of 2nd period - Stopped by Jason Missiaen without a rebound.
4:29 of 2nd period - Mike Zigomanis wins face-off versus Cédric Lalonde-McNicoll in Remparts zone.
4:40 of 2nd period - Wrist shot by Michael Ryder.
4:40 of 2nd period - Stopped by Jason Missiaen without a rebound.
4:41 of 2nd period - Mike Zigomanis wins face-off versus Max Reinhart in Remparts zone.
4:42 of 2nd period - Snap shot by Cody McLeod.
4:42 of 2nd period - Stopped by Jason Missiaen without a rebound.
4:43 of 2nd period - Max Reinhart wins face-off versus Mike Zigomanis in Remparts zone.
4:52 of 2nd period - Cody McLeod is hit by Daniel Paille and loses puck.
4:59 of 2nd period - Slapshot by Matt Gilroy.
4:59 of 2nd period - Stopped by Jason Missiaen without a rebound.
5:00 of 2nd period - Pontus Aberg wins face-off versus Nathan Davis in Remparts zone.
5:56 of 2nd period - Slapshot by James Marcou.
5:56 of 2nd period - Stopped by Jason Missiaen without a rebound.
5:57 of 2nd period - Cédric Lalonde-McNicoll wins face-off versus Nathan Davis in Remparts zone.
6:12 of 2nd period - Snap shot by Ryan Strome.
6:12 of 2nd period - Stopped by Leland Irving without a rebound.
6:13 of 2nd period - Mike Zigomanis wins face-off versus Max Reinhart in Rafales zone.
6:50 of 2nd period - Off-side.
6:51 of 2nd period - Kevin Veilleux wins face-off versus Brandon Mashinter in neutral zone.
6:53 of 2nd period - Off-side.
6:54 of 2nd period - Roberts Lipsbergs wins face-off versus Kevin Veilleux in neutral zone.
7:23 of 2nd period - Slapshot by Max Reinhart.
7:23 of 2nd period - Deflect By Daniel Paille.
7:23 of 2nd period - Shot Misses the Net.
7:23 of 2nd period - Puck is out of play.
7:24 of 2nd period - Max Reinhart wins face-off versus Michael Ryder in Rafales zone.
7:27 of 2nd period - Wrist shot by Daniel Paille.
7:27 of 2nd period - Stopped by Leland Irving with a rebound.
7:29 of 2nd period - Slapshot by Erik Gustafsson.
7:29 of 2nd period - Shot Blocked by Mike Zigomanis.
7:51 of 2nd period - Wrist shot by Daniel Paille.
7:51 of 2nd period - Shot Misses the Net.
7:53 of 2nd period - Snap shot by Nail Yakupov.
7:53 of 2nd period - Goal by Nail Yakupov - Remparts : 3 - Rafales : 2.
7:54 of 2nd period - Mike Zigomanis wins face-off versus Max Reinhart in neutral zone.
8:21 of 2nd period - Wrist shot by Milan Bartovic.
8:21 of 2nd period - Shot Blocked by Brandon Gormley.
8:39 of 2nd period - Snap shot by Carl Klingberg.
8:39 of 2nd period - Stopped by Jason Missiaen with a rebound.
8:47 of 2nd period - Slapshot by Brandon Mashinter.
8:47 of 2nd period - Shot Misses the Net.
8:49 of 2nd period - Slapshot by Griffin Reinhart.
8:49 of 2nd period - Shot Misses the Net.
9:21 of 2nd period - Snap shot by Michael Ryder.
9:21 of 2nd period - Stopped by Jason Missiaen with a rebound.
9:48 of 2nd period - Backhand shot by Nathan Davis.
9:48 of 2nd period - Stopped by Jason Missiaen with a rebound.
9:50 of 2nd period - Wrist shot by Nathan Davis.
9:50 of 2nd period - Stopped by Jason Missiaen without a rebound.
9:51 of 2nd period - Cedric Paquette wins face-off versus Max Reinhart in Remparts zone.
10:33 of 2nd period - Icing by Michal Jordan.
10:34 of 2nd period - Nathan Davis wins face-off versus Brandon Mashinter in Remparts zone.
10:43 of 2nd period - Slapshot by Milan Bartovic.
10:43 of 2nd period - Stopped by Jason Missiaen without a rebound.
10:44 of 2nd period - Mike Zigomanis wins face-off versus Max Reinhart in Remparts zone.
11:10 of 2nd period - Icing by Daniel Paille.
11:11 of 2nd period - Cédric Lalonde-McNicoll wins face-off versus Milan Bartovic in Remparts zone.
11:43 of 2nd period - Snap shot by Max Reinhart.
11:43 of 2nd period - Stopped by Leland Irving without a rebound.
11:44 of 2nd period - Anton Zlobin wins face-off versus Cody McLeod in Rafales zone.
11:51 of 2nd period - Brandon Mashinter is hit by Michael Ryder and loses puck.
12:00 of 2nd period - Snap shot by Anton Zlobin.
12:00 of 2nd period - Shot Blocked by Michael Ryder.
12:20 of 2nd period - Snap shot by Brandon Mashinter.
12:20 of 2nd period - Stopped by Leland Irving without a rebound.
12:21 of 2nd period - Max Reinhart wins face-off versus Milan Bartovic in Rafales zone.
12:47 of 2nd period - Minor Penalty to Carl Klingberg for Holding.
12:48 of 2nd period - Max Reinhart wins face-off versus Mike Zigomanis in Rafales zone.
12:55 of 2nd period - Wrist shot by Daniel Paille.
12:55 of 2nd period - Shot Misses the Net.
12:57 of 2nd period - Wrist shot by Nail Yakupov.
12:57 of 2nd period - Shot Misses the Net.
12:59 of 2nd period - Wrist shot by Daniel Paille.
12:59 of 2nd period - Stopped by Leland Irving with a rebound.
13:01 of 2nd period - Slapshot by Nail Yakupov.
13:01 of 2nd period - Deflect By Matt Gilroy.
13:01 of 2nd period - Goal by Nail Yakupov - Remparts : 4 - Rafales : 2.
13:02 of 2nd period - Max Reinhart wins face-off versus Mike Zigomanis in neutral zone.
13:07 of 2nd period - Slapshot by Brandon Gormley.
13:07 of 2nd period - Stopped by Leland Irving without a rebound.
13:08 of 2nd period - Max Reinhart wins face-off versus Mike Zigomanis in Rafales zone.
13:09 of 2nd period - Snap shot by Daniel Paille.
13:09 of 2nd period - Shot Misses the Net.
13:57 of 2nd period - Wrist shot by Ryan Strome.
13:57 of 2nd period - Shot Blocked by Slater Koekkoek.
14:45 of 2nd period - Slapshot by James Marcou.
14:45 of 2nd period - Stopped by Jason Missiaen with a rebound.
15:05 of 2nd period - Wrist shot by Nathan Davis.
15:05 of 2nd period - Shot Misses the Net.
15:07 of 2nd period - Slapshot by Milan Bartovic.
15:07 of 2nd period - Stopped by Jason Missiaen with a rebound.
15:28 of 2nd period - Julian Melchiori is hit by Anton Zlobin.
16:16 of 2nd period - Icing by Matt Gilroy.
16:17 of 2nd period - Nathan Davis wins face-off versus Cédric Lalonde-McNicoll in Rafales zone.
16:33 of 2nd period - Wrist shot by Cédric Lalonde-McNicoll.
16:33 of 2nd period - Stopped by Leland Irving with a rebound.
16:45 of 2nd period - James Sheppard is hit by Roberts Lipsbergs and loses puck.
16:54 of 2nd period - Snap shot by Brandon Mashinter.
16:54 of 2nd period - Deflect By Anton Zlobin.
16:54 of 2nd period - Shot Misses the Net.
16:54 of 2nd period - Puck is out of play.
16:55 of 2nd period - Max Reinhart wins face-off versus Mike Zigomanis in Rafales zone.
17:10 of 2nd period - Slapshot by Erik Gustafsson.
17:10 of 2nd period - Shot Blocked by Michael Ryder.
18:26 of 2nd period - Snap shot by Daniel Paille.
18:26 of 2nd period - Stopped by Leland Irving with a rebound.
19:10 of 2nd period - Slapshot by Griffin Reinhart.
19:10 of 2nd period - Stopped by Leland Irving with a rebound.
19:30 of 2nd period - Wrist shot by Nathan Davis.
19:30 of 2nd period - Stopped by Jason Missiaen with a rebound.
19:32 of 2nd period - Slapshot by James Sheppard.
19:32 of 2nd period - Stopped by Jason Missiaen without a rebound.
19:33 of 2nd period - Max Reinhart wins face-off versus Nathan Davis in Remparts zone.
Goals for this period are 2 for Remparts vs 1 for Rafales.
Shots for this period are 12 for Remparts vs 18 for Rafales.
3rd period
0:01 of 3rd period - Mike Zigomanis wins face-off versus Max Reinhart in neutral zone.
0:03 of 3rd period - Off-side.
0:04 of 3rd period - Mike Zigomanis wins face-off versus Max Reinhart in neutral zone.
0:31 of 3rd period - Wrist shot by Cédric Lalonde-McNicoll.
0:31 of 3rd period - Shot Hit the Post.
0:33 of 3rd period - Snap shot by Ryan Strome.
0:33 of 3rd period - Shot Misses the Net.
0:35 of 3rd period - Snap shot by Pontus Aberg.
0:35 of 3rd period - Stopped by Leland Irving with a rebound.
0:37 of 3rd period - Wrist shot by Erik Gustafsson.
0:37 of 3rd period - Stopped by Leland Irving without a rebound.
0:38 of 3rd period - Max Reinhart wins face-off versus Nathan Davis in Rafales zone.
1:03 of 3rd period - Pontus Aberg is hit by Dylan McIlrath and loses puck.
1:14 of 3rd period - Michal Jordan is hit by Julian Melchiori.
1:51 of 3rd period - Wrist shot by Chris Terry.
1:51 of 3rd period - Shot Misses the Net.
1:53 of 3rd period - Snap shot by Connor Murphy.
1:53 of 3rd period - Shot Misses the Net.
3:08 of 3rd period - Wrist shot by Milan Bartovic.
3:08 of 3rd period - Shot Blocked by Keaton Thompson.
3:10 of 3rd period - Snap shot by Milan Bartovic.
3:10 of 3rd period - Shot Hit the Post.
3:12 of 3rd period - Wrist shot by Nathan Davis.
3:12 of 3rd period - Shot Misses the Net.
3:41 of 3rd period - Wrist shot by Max Reinhart.
3:41 of 3rd period - Shot Misses the Net.
3:52 of 3rd period - Keaton Thompson is hit by Kevin Veilleux.
3:53 of 3rd period - Icing by Keaton Thompson.
3:54 of 3rd period - Mike Zigomanis wins face-off versus Max Reinhart in Remparts zone.
4:19 of 3rd period - Nail Yakupov is hit by Nathan Davis and loses puck.
4:44 of 3rd period - Wrist shot by James Marcou.
4:44 of 3rd period - Stopped by Jason Missiaen without a rebound.
4:45 of 3rd period - Kevin Veilleux wins face-off versus Cédric Lalonde-McNicoll in Remparts zone.
5:00 of 3rd period - Backhand shot by Chris Terry.
5:00 of 3rd period - Shot Blocked by Ryan Strome.
5:16 of 3rd period - Off-side.
5:17 of 3rd period - Michael Ryder wins face-off versus Chris Mueller in neutral zone.
5:26 of 3rd period - Minor Penalty to Connor Honey for Interference.
5:27 of 3rd period - Daniel Paille wins face-off versus Mike Zigomanis in Remparts zone.
7:26 of 3rd period - Penalty to Connor Honey is over, Connor Honey is back on ice.
7:27 of 3rd period - Connor Honey is hit by Carl Klingberg and loses puck.
7:52 of 3rd period - Slapshot by Griffin Reinhart.
7:52 of 3rd period - Shot Misses the Net.
7:58 of 3rd period - Slapshot by Michal Jordan.
7:58 of 3rd period - Stopped by Leland Irving with a rebound.
8:00 of 3rd period - Snap shot by Juuso Ikonen.
8:00 of 3rd period - Stopped by Leland Irving with a rebound.
8:02 of 3rd period - Backhand shot by Michal Jordan.
8:02 of 3rd period - Shot Blocked by James Marcou.
8:04 of 3rd period - Wrist shot by Griffin Reinhart.
8:04 of 3rd period - Shot Blocked by Joey Laleggia.
8:08 of 3rd period - Slapshot by Michal Jordan.
8:08 of 3rd period - Deflect By Juuso Ikonen.
8:08 of 3rd period - Shot Blocked by Joey Laleggia.
8:08 of 3rd period - Puck is out of play.
8:09 of 3rd period - Cedric Paquette wins face-off versus Pontus Aberg in Rafales zone.
8:09 of 3rd period - Cedric Paquette is hit by Cédric Lalonde-McNicoll.
8:29 of 3rd period - Icing by Ryan Strome.
8:30 of 3rd period - Nathan Davis wins face-off versus Cédric Lalonde-McNicoll in Remparts zone.
8:45 of 3rd period - Snap shot by Cody McLeod.
8:45 of 3rd period - Stopped by Jason Missiaen with a rebound.
8:55 of 3rd period - Connor Murphy is hit by Nail Yakupov and loses puck.
9:28 of 3rd period - Backhand shot by Connor Murphy.
9:28 of 3rd period - Shot Blocked by Keaton Thompson.
9:38 of 3rd period - Slapshot by James Marcou.
9:38 of 3rd period - Deflect By Chris Terry.
9:38 of 3rd period - Goal by Chris Terry - Remparts : 4 - Rafales : 3.
9:39 of 3rd period - Mike Zigomanis wins face-off versus Max Reinhart in neutral zone.
11:07 of 3rd period - Slapshot by Brandon Gormley.
11:07 of 3rd period - Stopped by Leland Irving with a rebound.
11:09 of 3rd period - Slapshot by Brandon Gormley.
11:09 of 3rd period - Shot Misses the Net.
11:11 of 3rd period - Slapshot by Erik Gustafsson.
11:11 of 3rd period - Shot Misses the Net.
11:13 of 3rd period - Slapshot by Brandon Gormley.
11:13 of 3rd period - Shot Blocked by Michael Ryder.
11:23 of 3rd period - Cody McLeod is hit by Brandon Gormley and loses puck.
11:30 of 3rd period - Snap shot by Brandon Mashinter.
11:30 of 3rd period - Stopped by Leland Irving without a rebound.
11:31 of 3rd period - Nathan Davis wins face-off versus Max Reinhart in Rafales zone.
11:38 of 3rd period - Snap shot by Nathan Davis.
11:38 of 3rd period - Shot Hit the Post.
12:07 of 3rd period - Wrist shot by Ryan Strome.
12:07 of 3rd period - Shot Blocked by Joey Laleggia.
12:55 of 3rd period - Daniel Paille is hit by Slater Koekkoek and loses puck.
13:34 of 3rd period - Mike Zigomanis is hit by Brandon Mashinter and loses puck.
14:09 of 3rd period - James Sheppard is hit by Nail Yakupov and loses puck.
14:22 of 3rd period - Griffin Reinhart is hit by Chris Terry and loses puck.
14:44 of 3rd period - Snap shot by Cédric Lalonde-McNicoll.
14:44 of 3rd period - Stopped by Leland Irving with a rebound.
14:46 of 3rd period - Slapshot by Ryan Strome.
14:46 of 3rd period - Shot Blocked by Matt Gilroy.
14:48 of 3rd period - Backhand shot by Pontus Aberg.
14:48 of 3rd period - Shot Blocked by Chris Terry.
15:09 of 3rd period - Kevin Veilleux is hit by Daniel Paille and loses puck.
16:02 of 3rd period - Minor Penalty to Pontus Aberg for Interference.
16:03 of 3rd period - Daniel Paille wins face-off versus Mike Zigomanis in Remparts zone.
16:36 of 3rd period - Griffin Reinhart is hit by Nathan Davis and loses puck.
17:07 of 3rd period - Slapshot by Erik Gustafsson.
17:07 of 3rd period - Stopped by Leland Irving with a rebound.
17:11 of 3rd period - Snap shot by Juuso Ikonen.
17:11 of 3rd period - Shot Misses the Net.
18:02 of 3rd period - Penalty to Pontus Aberg is over, Pontus Aberg is back on ice.
18:18 of 3rd period - Snap shot by Kevin Veilleux.
18:18 of 3rd period - Shot Blocked by Griffin Reinhart.
18:20 of 3rd period - Slapshot by Joey Laleggia.
18:20 of 3rd period - Stopped by Jason Missiaen without a rebound.
18:21 of 3rd period - Cedric Paquette wins face-off versus Brandon Mashinter in Remparts zone.
18:24 of 3rd period - Snap shot by Brian Ferlin.
18:24 of 3rd period - Shot Blocked by Anton Zlobin.
18:26 of 3rd period - Slapshot by Joey Laleggia.
18:26 of 3rd period - Shot Misses the Net.
18:28 of 3rd period - Snap shot by Brian Ferlin.
18:28 of 3rd period - Stopped by Jason Missiaen with a rebound.
18:30 of 3rd period - Snap shot by Carl Klingberg.
18:30 of 3rd period - Shot Misses the Net.
18:32 of 3rd period - Wrist shot by Joey Laleggia.
18:32 of 3rd period - Deflect By Cedric Paquette.
18:32 of 3rd period - Stopped by Jason Missiaen with a rebound.
18:34 of 3rd period - Snap shot by Carl Klingberg.
18:34 of 3rd period - Shot Misses the Net.
18:36 of 3rd period - Snap shot by Julian Melchiori.
18:36 of 3rd period - Stopped by Jason Missiaen without a rebound.
18:37 of 3rd period - Mike Zigomanis wins face-off versus Cédric Lalonde-McNicoll in Remparts zone.
18:38 of 3rd period - Wrist shot by Michael Ryder.
18:38 of 3rd period - Stopped by Jason Missiaen without a rebound.
18:39 of 3rd period - Cédric Lalonde-McNicoll wins face-off versus Michael Ryder in Remparts zone.
18:39 of 3rd period - Cédric Lalonde-McNicoll is hit by Matt Gilroy.
18:51 of 3rd period - Rafales, Leland Irving is pulled from the net.
19:26 of 3rd period - Matt Gilroy is hit by Max Reinhart and loses puck.
19:37 of 3rd period - Snap shot by Daniel Paille.
19:37 of 3rd period - Shot Misses the Net.
19:39 of 3rd period - Snap shot by Brandon Gormley.
19:39 of 3rd period - Goal by Brandon Gormley - Remparts : 5 - Rafales : 3.
19:39 of 3rd period - Leland Irving from Rafales was sent back in the game.
19:40 of 3rd period - Mike Zigomanis wins face-off versus Brandon Mashinter in neutral zone.
Goals for this period are 1 for Remparts vs 1 for Rafales.
Shots for this period are 9 for Remparts vs 8 for Rafales.
Back to the Top